 Dungeon Crawl Stone Soup version 0.20-a0-1020-g7b9e4fe (webtiles) character file.

210 Gorglomux the Poker (level 5, -19/46 HPs)
             Began as a Draconian Chaos Knight on Apr 18, 2017.
             Demolished by an ogre
             ... wielding a +0 giant club
              (29 damage)
             ... on level 3 of the Dungeon.
             The game lasted 00:05:09 (2322 turns).

Gorglomux the Poker (Draconian Chaos Knight)        Turns: 2322, Time: 00:05:09

Health: -19/46     AC:  3    Str: 15    XL:     5   Next: 57%
Magic:  5/5        EV: 12    Int: 12    God:    Xom [..*...]
Gold:   237        SH:  5    Dex: 11    Spells: 4/4 levels left

rFire    . . .     SeeInvis .   a - +0 spear (chaos)
rCold    . . .     Gourm    .   (no shield)
rNeg     . . .     Faith    .   (armour unavailable)
rPois    .         Spirit   .   (helmet restricted)
rElec    .         Reflect  +   (no cloak)
rCorr    .         Harm     .   (no gloves)
MR       .....                  (no boots)
Stlth    +.........             c - +5 amulet of reflection
Regen    0.2/turn               r - -2 ring of protection (curse)
MPRegen  0.1/turn               (no ring)

@: no status effects
A: unfitting armour, cold-blooded, AC +5
a: Renounce Religion


You were on level 3 of the Dungeon.
You worshipped Xom.
You were a toy of Xom.
You were hungry.

You visited 1 branch of the dungeon, and saw 3 of its levels.

You collected 237 gold pieces.

Inventory:

Hand Weapons
 a - a +0 spear of chaos (weapon)
 x - a cursed -2 blowgun
   (You found it on level 3 of the Dungeon)
Missiles
 n - 5 javelins (quivered)
 p - 2 throwing nets {=f, !d}
 w - 4 poisoned needles
Jewellery
 c - a +5 amulet of reflection (around neck)
   (You found it on level 1 of the Dungeon)
 r - a cursed -2 ring of protection (left hand)
   (You took it off a hobgoblin on level 2 of the Dungeon)
Wands
 h - a wand of lightning (5/15)
   (You found it on level 3 of the Dungeon)
 q - a wand of lightning (4/15)
   (You found it on level 2 of the Dungeon)
 s - a wand of flame (30/48)
   (You found it on level 2 of the Dungeon)
 u - a wand of flame (27/48)
   (You took it off Ijyb on level 3 of the Dungeon)
Scrolls
 i - a scroll of amnesia
 j - 2 scrolls of magic mapping {unknown}
 l - 2 scrolls of enchant weapon
 m - a scroll of fear
Potions
 d - 3 potions of heal wounds
 k - 2 potions of flight {unknown}
 o - 2 potions of brilliance
 t - a potion of curing {unknown}
Comestibles
 b - 2 bread rations {@e1@e1}
 f - a fruit
 g - 3 meat rations {@e2@e2}


   Skills:
 - Level 3.7 Fighting
 + Level 6.1 Polearms
 - Level 2.1 Dodging


You had 4 spell levels left.
You didn't know any spells.

Dungeon Overview and Level Annotations

Branches:
Dungeon (3/15)

Altars:

Annotations:
D:2 Jessica
D:3 Sigmund


Innate Abilities, Weirdness & Mutations

Your plain brown scales are hard. (AC +5)
You cannot fit into any form of body armour.
You are cold-blooded and may be slowed by cold attacks.


Message History

You take 1 damage, and have 28/46 hp.
You feel sick.
The hound changes into an iguana!
You take 2 damage, and have 26/46 hp.
Unknown command.
Attack whom?
Aim: an iguana shaped shifter (lightly wounded)
You reach to attack!
You hit the iguana. You drain the iguana!
You feel sick.
You take 1 damage, and have 25/46 hp.
Attack whom?
Aim: an iguana shaped shifter (moderately wounded, heavily drained)
You reach to attack!
You hit the iguana.
The iguana glows pale green for a moment.
You feel sick.
The iguana changes into a frilled lizard!
You take 1 damage, and have 24/46 hp.
Attack whom?
Aim: a frilled lizard shaped shifter You reach to attack!
You hit the frilled lizard. You burn the frilled lizard.
You kill the frilled lizard!
Your surroundings suddenly seem different.
You feel sick.
Unknown command.
You start resting.
You feel sick. x17
You are no longer poisoned.
You take 13 damage, and have 11/46 hp.
MASSIVE DAMAGE!!
You start resting.
You almost hear Xom's maniacal laughter.
Your skin tingles.
You are now a plaything of Xom.
You regained 5 hp, and now have 16/46 hp.
You start resting.
All of the chunks of flesh in your inventory have rotted away.
You are feeling hungry.
You regained 6 hp, and now have 22/46 hp.
Unknown command.
You see here a hobgoblin skeleton.
A bat comes into view.
You regained 2 hp, and now have 24/46 hp.
A bat is nearby!
A bat is nearby!
You are too injured to fight recklessly!
Unknown command.
You are too injured to fight recklessly!
You are too injured to fight recklessly!
The bat misses you.
Attack whom?
Aim: a bat You hit the bat.
The bat hits you but does no damage.
Attack whom?
Aim: a bat (heavily wounded)
You reach to attack!
You barely miss the bat. The bat misses you.
Unknown command.
Attack whom?
Aim: a bat (heavily wounded)
You closely miss the bat.
Your tail-slap misses the bat.
The bat closely misses you.
Attack whom?
That would be overly suicidal.
Okay, then.
Attack whom?
Okay, then.
Attack whom?
Aim: a bat (heavily wounded)
You barely miss the bat. The bat hits you but does no damage.
Attack whom?
Aim: a bat (heavily wounded)
You reach to attack!
You closely miss the bat. You block the bat's attack.
Attack whom?
Aim: a bat (heavily wounded)
You hit the bat.
You kill the bat!
Attack whom?
That would be overly suicidal.
Okay, then.
You see here a scroll of amnesia.
An ogre comes into view. It is wielding a giant club.
You are too injured to fight recklessly!
You are too injured to fight recklessly!
Autopickup is now on.
The ogre shouts!
Attack whom?
Okay, then.
Attack whom?
Aim: an ogre, wielding a giant club You reach to attack!
You hit the ogre but do no damage.
The ogre is poisoned.
Xom makes a sudden noise!
You hear an angry hiss.
You are now a toy of Xom.
Attack whom?
Aim: an ogre, wielding a giant club (lightly wounded, poisoned)
You hit the ogre.
The ogre flickers and vanishes!
Deactivating autopickup; reactivate with Ctrl-A.
Something hits you!!
* * * LOW HITPOINT WARNING * * *
You take 17 damage, and have 10/46 hp.
MASSIVE DAMAGE!!
Something hits you!!
Ouch! That really hurt!
You die...
Xom giggles madly!

#.....# #.#..#
#.?...# #.#..###
#.....####.......
#...........#....
#.....####....##.
##.....####.##.##.
#........##.##.##.
#..####..##.......
#@.####..#####.###
#..#..#..#####.##
####...............##
.....................
##........####.....
........##.## #......
####.#####.# ##.....
#.#####.# ##...#
#.......# ##.##


There were no monsters in sight!

Vanquished Creatures
  Ijyb (D:3)
  Natasha (thrice) (D:2)
  A worker ant (D:3)
  3 oozes (D:1)
  A worm (D:2)
  2 leopard geckos
  3 orcs (D:3)
  3 bats
  6 giant cockroaches
  8 goblins
  9 hobgoblins
  4 jackals
  A quokka (D:3)
  2 frilled lizards
  A frilled lizard (shapeshifter) (D:3)
  10 kobolds
  7 rats
  A rat (shapeshifter) (D:2)
66 creatures vanquished.

Vanquished Creatures (others)
  A kobold (D:3)
1 creature vanquished.

Grand Total: 67 creatures vanquished

Notes
Turn   | Place    | Note
-------+----------+-------------------------------------------
     0 | D:1      | Gorglomux the Draconian Chaos Knight began the quest for the Orb.
     0 | D:1      | Reached XP level 1. HP: 19/19 MP: 1/1
   135 | D:1      | Reached XP level 2. HP: 26/27 MP: 2/2
   342 | D:1      | Reached XP level 3. HP: 33/33 MP: 3/3
   707 | D:2      | Reached skill level 4 in Polearms
   824 | D:2      | Noticed Natasha
   828 | D:2      | Killed Natasha
   843 | D:2      | XOM: harmless Erth miscast
   908 | D:2      | Reached XP level 4. HP: 37/40 MP: 4/4
  1050 | D:2      | Noticed Jessica
  1108 | D:2      | Noticed Natasha
  1108 | D:2      | XOM: potion effect (invisibility)
  1119 | D:2      | Killed Natasha
  1119 | D:2      | Reached skill level 5 in Polearms
  1374 | D:2      | Noticed Natasha
  1379 | D:2      | Killed Natasha
  1379 | D:2      | Reached XP level 5. HP: 40/46 MP: 5/5
  1709 | D:3      | XOM: harmless Air miscast
  1863 | D:3      | Noticed Ijyb
  1870 | D:3      | HP: 8/46 [Ijyb/wand of flame (?/48) (8)]
  1873 | D:3      | HP: 1/46 [Ijyb/wand of flame (?/48) (7)]
  1874 | D:3      | Killed Ijyb
  1874 | D:3      | Reached skill level 6 in Polearms
  2010 | D:3      | XOM: harmless Chrm miscast
  2156 | D:3      | Noticed Sigmund
  2203 | D:3      | HP: 11/46 [poisoned by Sigmund]
  2241 | D:3      | XOM: harmless Tloc miscast
  2315 | D:3      | Noticed an ogre
  2319 | D:3      | XOM: noise
  2320 | D:3      | HP: 10/46 [something (18)]
  2322 | D:3      | Demolished by an ogre

Vault maps used:
D:1:      saegor_arrival_miasma
D:2:      first_bread, uniq_natasha, uniq_jessica
D:3:      kennysheep_generic_room_11, uniq_iyjb, uniq_sigmund

Skill      XL: |  1  2  3  4  5 |
---------------+----------------+-----
Polearms       | 4 5 6 |  6.1
Fighting       | |  3.7
Dodging        | |  2.1

Action                   |  1- 3 |  4- 6 || total
-------------------------+-------+-------++-------
Melee: Spear             |    86 |   115 ||   201
       Tailslap          |     3 |    10 ||    13
Throw: Javelin           |       |    32 ||    32
  Use: Scroll            |       |     7 ||     7
 Stab: Distracted        |     1 |     1 ||     2
       Confused          |     1 |       ||     1
       Paralysed         |     2 |     1 ||     3
       Sleeping          |     1 |     3 ||     4
  Eat: Chunk             |       |     4 ||     4
Armor: Skin              |    16 |    14 ||    30
Dodge: Dodged            |    32 |    36 ||    68
Block: Other             |    17 |    21 ||    38
       Reflection        |     1 |     1 ||     2

Vault maps used:
D:1:      saegor_arrival_miasma
D:2:      first_bread, uniq_natasha, uniq_jessica
D:3:      kennysheep_generic_room_11, uniq_iyjb, uniq_sigmund

Table legend:
 A = Turns spent in this place as a percentage of turns spent in the entire game.
 B = Non-inter-level travel turns spent in this place as a percentage of non-inter-level travel turns spent in the entire game.
 C = Inter-level travel turns spent in this place as a percentage of turns spent in this place.
 D = Turns resting spent in this place as a percentage of non-inter-level travel turns spent in this place.
 E = Turns spent auto-exploring this place as a percentage of non-inter-level travel turns spent in this place.
 F = Non-inter-level travel turns spent in this place divided by the number of levels of this place that you've seen.
                   A       B       C       D       E      F
               +-------+-------+-------+-------+-------+----------------------
         Total | 100.0 | 100.0 |   0.2 |   1.6 |  10.4 | 275.3
       Dungeon | 100.0 | 100.0 |   0.2 |   1.6 |  10.4 | 275.3
               +-------+-------+-------+-------+-------+----------------------

Table legend:
 A = Kills in this place as a percentage of kills in entire the game.
 B = Kills by you in this place as a percentage of kills by you in the entire game.
 C = Kills by friends in this place as a percentage of kills by friends in the entire game.
 D = Other kills in this place as a percentage of other kills in the entire game.
 E = Experience gained in this place as a percentage of experience gained in the entire game.
 F = Experience gained in this place divided by the number of levels of this place that you have seen.
                   A       B       C       D       E      F
               +-------+-------+-------+-------+-------+----------------------
         Total | 100.0 | 100.0 |  -nan | 100.0 | 100.0 | 100.3
       Dungeon | 100.0 | 100.0 |  -nan | 100.0 | 100.0 | 100.3
               +-------+-------+-------+-------+-------+----------------------
